 Dungeon Crawl Stone Soup version 0.29.1-2-gbd0b4ee654 (webtiles) character file.

Game seed: 11037806509197124388

73945 croobank the Spry (level 15, -5/76 HPs)
             Began as a Felid Summoner on Nov 25, 2022.
             Was an Initiate of Gozag.
             Slain by a red devil
             ... wielding a +1 demon trident of freezing
             ... summoned by an orc high priest
              (27 damage)
             ... on level 2 of the Orcish Mines on Nov 26, 2022.
             The game lasted 02:34:58 (33075 turns).

croobank the Spry (Felid Summoner)                 Turns: 33075, Time: 02:34:58

Health: -5/76      AC:  3    Str:  4    XL:     15   Next: 5%
Magic:  32/48      EV: 33    Int: 24    God:    Gozag
Gold:   6148       SH:  0    Dex: 17    Spells: 5/35 levels left
                                        Lives:  0   Deaths: 4

rFire   + . .      SeeInvis +   (weapon unavailable)
rCold   + + .      Faith    .   (shield unavailable)
rNeg    . . .      Spirit   .   (body armour unavailable)
rPois   .          Reflect  .   (helmet unavailable)
rElec   .          Harm     .   (cloak unavailable)
rCorr   .          Rampage  .   (gloves unavailable)
Will    +++..                   (boots unavailable)
Stlth   +++.......              D - amulet of regeneration
HPRegen 1.02/turn               l - ring "Syecsa" {rF+ rC+ Will+ MP+9 SInv}
MPRegen 0.31/turn               a - ring "Bainuoto" {*Corrode MP+9 EV+4 Slay+5 SInv}

@: spiked, quick
A: very small, claws 1, fangs 3, see invisible, speed 1, shaggy fur 3, stealthy
paws, no weapons or thrown items, no armour, multi-lived
a: Renounce Religion, Potion Petition, Call Merchant, Bribe Branch


You were on level 2 of the Orcish Mines.
You worshipped Gozag.
Gozag was greatly pleased with you.
You visited 4 branches of the dungeon, and saw 23 of its levels.
You also visited: Bailey.

You collected 7397 gold pieces.
You spent 336 gold pieces at shops.
You paid 913 gold pieces to Gozag.

Inventory:

Jewellery
 a - the ring "Bainuoto" (right paw) {*Corrode MP+9 EV+4 Slay+5 SInv}
   (You found it on level 8 of the Dungeon)

   [ring of evasion]

   EV:        It affects your evasion (+4).
   Slay:      It affects your accuracy & damage with ranged weapons and melee
   (+5).
   MP:        It affects your magic capacity (+9).
   SInv:      It lets you see invisible.
   *Corrode:  It may corrode you when you take damage.
 j - a ring of protection from cold
 l - the ring "Syecsa" (left paw) {rF+ rC+ Will+ MP+9 SInv}
   (You acquired it on level 4 of the Lair of Beasts)

   [ring of protection from fire]

   rF:        It protects you from fire.
   rC:        It protects you from cold.
   MP:        It affects your magic capacity (+9).
   SInv:      It lets you see invisible.
   Will:      It increases your willpower.
 m - a ring of positive energy
 o - a ring of wizardry
 y - a +6 ring of intelligence
 B - a ring of wizardry
 D - an amulet of regeneration (around neck)
Wands
 v - a wand of charming (7)
 A - a wand of mindburst (5)
 J - a wand of iceblast (6)
 K - a wand of flame (11)
Scrolls
 d - 4 scrolls of fog
 f - 10 scrolls of teleportation
 n - 2 scrolls of poison
 w - 2 scrolls of vulnerability
 z - 4 scrolls of magic mapping
 C - 5 scrolls of identify
 F - 2 scrolls of amnesia
 H - 2 scrolls of silence
Potions
 b - 3 potions of heal wounds
 c - 6 potions of flight
 e - 11 potions of curing
 g - 4 potions of ambrosia
 h - 2 potions of berserk rage
 i - a potion of brilliance
 k - 3 potions of attraction
 p - a potion of cancellation
 q - 7 potions of invisibility
 r - 2 potions of mutation
 s - a potion of resistance
 t - 4 potions of haste
 u - 5 potions of might
 x - 4 potions of lignification
Miscellaneous
 I - a box of beasts


   Skills:
 + Level 14.8 Fighting
 * Level 16.5 Dodging
 - Level 5.0 Stealth
 + Level 10.6 Spellcasting
 - Level 7.0 Hexes
 - Level 12.5 Summonings
 + Level 5.8 Transmutations
 - Level 2.5 Ice Magic
 + Level 8.7 Air Magic


You had 5 spell levels left.
You knew the following spells:

 Your Spells              Type           Power      Damage    Failure   Level
a - Blink                 Tloc           24%        N/A       8%          2
c - Call Canine Familiar  Summ           64%        N/A       1%          3
d - Summon Guardian Gole  Hex/Summ       56%        N/A       1%          3
e - Summon Lightning Spi  Summ/Air       59%        N/A       1%          4
f - Summon Mana Viper     Hex/Summ       56%        N/A       2%          5
g - Summon Cactus Giant   Summ           32%        N/A       4%          6
h - Summon Ice Beast      Ice/Summ       48%        N/A       2%          4
i - Dazzling Flash        Conj/Hex       58%        N/A       3%          3

Your spell library contained the following spells:

 Spells                   Type           Power      Damage    Failure   Level
 Beastly Appendage        Tmut           82%        N/A       1%          1
 Freeze                   Ice            96%        1d11      1%          1
 Summon Small Mammal      Summ           100%       N/A       1%          1
 Call Imp                 Summ           64%        N/A       1%          2
 Poisonous Vapours        Pois/Air       66%        N/A       1%          2
 Static Discharge         Conj/Air       33%        3-8/arc   1%          2
 Wereblood                Tmut           41%        N/A       1%          2
 Mephitic Cloud           Conj/Pois/Air  26%        N/A       4%          3
 Spider Form              Tmut/Pois      26%        N/A       4%          3
 Frozen Ramparts          Ice            48%        1d8       5%          3
 Ozocubu's Armour         Ice            24%        N/A       5%          3
 Silence                  Hex/Air        25%        N/A       5%          5
 Ignite Poison            Fire/Tmut/Pois 22%        N/A       7%          3
 Ice Form                 Ice/Tmut       32%        N/A       9%          4
 Summon Forest            Summ/Tloc      21%        N/A       11%         5
 Fulminant Prism          Conj/Hex       14%        3d9       12%         4
 Conjure Flame            Conj/Fire      12%        6-21      14%         3
 Lesser Beckoning         Tloc           12%        N/A       14%         3
 Metabolic Englaciation   Hex/Ice        17%        N/A       19%         5
 Lightning Bolt           Conj/Air       16%        1d30      22%         5
 Hailstorm                Conj/Ice       18%        3d6       28%         4
 Freezing Cloud           Conj/Ice/Air   15%        6-21      28%         5
 Iskenderun's Mystic Bla  Conj/Tloc      12%        2d5       43%         4
 Sticky Flame             Conj/Fire      12%        2d4       43%         4
 Agony                    Necr           12%        N/A       80%         5
 Lee's Rapid Deconstruct  Erth           6%         3d7*      80%         5
 Manifold Assault         Tloc           12%        N/A       80%         5
 Summon Hydra             Summ           32%        N/A       24%         7
 Storm Form               Tmut/Air       24%        N/A       90%         7
 Eringya's Noxious Bog    Tmut/Pois      13%        N/A       92%         6
 Malign Gateway           Summ/Tloc      21%        N/A       97%         7
 Spellforged Servitor     Conj/Summ      21%        N/A       97%         7
 Ozocubu's Refrigeration  Ice            12%        4d10      100%        7
 Maxwell's Capacitive Co  Air            26%        ∞         100%        8
 Corpse Rot               Necr/Pois/Air  Unusable   N/A       N/A         4
 Simulacrum               Ice/Necr       Unusable   N/A       N/A         6

Dungeon Overview and Level Annotations

Branches:
Dungeon (15/15)            Temple (1/1) D:5            Lair (5/5) D:10
  Swamp (0/4) Lair:2       Spider (0/4) Lair:3        Slime (0/5) Lair:4
    Orc (2/2) D:10            Elf (0/3) Orc:2        Vaults (0/5) D:13
 Bailey (visited)
 Depths: D:15

Altars:
Ashenzari
Dithmenos
Fedhas
Gozag
Kikubaaqudgha
Makhleb
Nemelex Xobeh
Qazlal
Sif Muna
Trog
Uskayaw
Vehumet
Wu Jian
Xom
Yredelemnul
Zin
The Shining One
Jiyva

Shops:
D:4 [:   Lair:1 :

Annotations:
Lair:2 2 transporters
Lair:4 3 runed translucent doors, Cegin's ghost, journeyman MiBe


Innate Abilities, Weirdness & Mutations

You have sharp claws.
You have razor-sharp teeth.
You have supernaturally acute eyesight. (SInv)
You cover ground quickly. (Speed+)
Your thick and shaggy fur keeps you warm. (AC +3, rC+)
Your paws help you pounce on unaware monsters.
You are incapable of wielding weapons or throwing items.
You cannot wear armour.
You gain extra lives every three experience levels.


Message History

Gang up on whom?
Press: ? - help, Dir - move target, f/p - orc high priest
Aim: an orc high priest, wielding a +0 long sword and wearing a +0 leather armour (moderately wounded, ally target) Attack!
The chaos spawn gores your mana viper.
The ynoxinul gestures.
The orc high priest misses your mana viper.
Your mana viper closely misses the orc high priest.
The red devil hits you with a +1 demon trident of freezing.
Barbed spikes become lodged in your body.
What are your orders? t - Meow!
Orders for allies: a - Attack new target. p - Attack previous target. r - Retreat! s - Stop attacking. g - Guard the area. f - Follow me.
Anything else - Cancel.
Gang up on whom?
Press: ? - help, Dir - move target, f/p - orc high priest
Aim: an orc high priest, wielding a +0 long sword and wearing a +0 leather armour (moderately wounded, ally target) Attack!
The chaos spawn hits your mana viper!
Your mana viper is engulfed in flames!
Your mana viper dies!
Your mana viper disappears in a puff of smoke!
The orc high priest calls down the wrath of Beogh upon you.
Beogh smites you! The red devil completely misses you.
What are your orders? t - Meow!
Orders for allies: a - Attack new target. p - Attack previous target. r - Retreat! s - Stop attacking. g - Guard the area. f - Follow me.
Anything else - Cancel.
Gang up on whom?
Press: ? - help, Dir - move target, f/p - orc high priest
Aim: an orc high priest, wielding a +0 long sword and wearing a +0 leather armour (moderately wounded, ally target) Attack!
The orc high priest mumbles some strange prayers to Beogh against you.
Beogh smites you!
* * * LOW HITPOINT WARNING * * *
The red devil hits you with a +1 demon trident of freezing!!
You die...
Your body crumbles into a pile of gold.

#.# #.# #.#
#.# #.# #.##
#..## o
#...######$$.#
##..@44oo5$$..
##...Co3$....
############


You could see 2 orc high priests, a ynoxinul (summoned), a chaos spawn
(summoned), a red devil (summoned), an orc wizard, an ufetubus (summoned) and a
friendly cactus giant (summoned).

Vanquished Creatures
  2 centaur warriors (D:14)
  An elephant (Lair:4)
  A black mamba (Lair:5)
  A slime creature (D:13)
  A blink frog (Lair:4)
  A spriggan (Lair:5)
  A nameless horror (D:12)
  2 centaurs (D:14)
  2 wolves (Lair:5)
  An electric eel (Lair:5)
  2 vampire bats
  A howler monkey (D:9)
  A wolf zombie (Bailey)
  Crazy Yiuf (D:3)
  An orc priest (D:4)
  2 orc wizards
  An iguana (D:5)
  3 orcs
  2 bats
  2 bat skeletons (D:4)
  A bat zombie (D:4)
  3 endoplasms
  A giant cockroach (Lair:3)
  A goblin (D:2)
  2 hobgoblins (D:2)
  A frilled lizard (D:2)
  A kobold (D:1)
  A rat (D:3)
40 creatures vanquished.

Vanquished Creatures (collateral kills)
  2 orc warlords (Orc:1)
  The ghost of Qurecs the Cleaver, a journeyman HOMo of Beogh (D:13)
  2 ettins
  4 hydras
  5 boulder beetles
  2 centaur warriors
  A catoblepas (Lair:3)
  A two-headed ogre (D:10)
  7 death yaks
  2 orc high priests (Orc:2)
  A shadow wraith (D:13)
  2 skeletal warriors (D:12)
  A deep troll (D:11)
  A lindwurm (D:13)
  A necromancer (D:13)
  5 cyclopes
  2 orc sorcerers
  9 ugly things (D:14)
  A black mamba (shapeshifter) (D:14)
  14 elephants
  5 black mambas
  2 gargoyles
  A rime drake (shapeshifter) (D:13)
  An unseen horror (D:11)
  12 cane toads
  2 rime drakes (Lair:1)
  4 komodo dragons
  An unseen horror zombie (D:10)
  2 efreet (D:14)
  6 polar bears
  A troll (D:14)
  6 hornets (Lair:5)
  9 blink frogs
  14 slime creatures
  2 dream sheep (Lair:5)
  A meliai zombie (D:10)
  15 flying skulls (D:12)
  29 yaks
  2 shadows (D:12)
  4 wraiths
  4 wyverns
  7 basilisks
  14 spriggans (Lair:5)
  A vampire (Bailey)
  2 fire bats (Lair:2)
  7 vampire mosquitoes
  2 wargs
  A steam dragon (D:6)
  An acid dragon (D:13)
  13 water moccasins
  5 nameless horrors
  6 black bears
  24 orc warriors
  An ice beast (D:5)
  8 centaurs
  6 ogres
  3 boggarts (Lair:5)
  20 wolves
  2 phantoms
  A kobold brigand (D:9)
  4 scorpions
  10 bullfrogs
  A gnoll sergeant (D:11)
  2 necrophages
  11 killer bees (Lair:1)
  6 vampire bats (Bailey)
  2 howler monkeys (D:9)
  3 wolf zombies (Bailey)
  6 centaur zombies (D:10)
  6 lava snakes (Lair:1)
  2 hounds
  34 orc priests
  4 jellies
  5 iguanas
  26 orc wizards
  2 howler monkey zombies (D:10)
  14 gnolls
  7 adders
  2 shadow imps
  A white imp (D:7)
  2 dart slugs
  4 worms
  72 orcs
  A ball python (D:1)
  3 bats
  3 bat skeletons (D:4)
  3 endoplasms
  A giant cockroach (Lair:3)
  7 goblins
  9 hobgoblins
  2 jackals (D:4)
  2 quokkas
  4 frilled lizards
  6 kobolds
  23 orc zombies (Bailey)
  2 rats
  A fire vortex (Lair:2)
604 creatures vanquished.

Vanquished Creatures (others)
  7 death yaks
  A centaur zombie (D:10)
  2 elephants (Lair:4)
  4 cane toads
  An unseen horror (D:13)
  2 komodo dragons (Lair:2)
  3 trolls
  A blink frog (Lair:4)
  A queen bee (Lair:1)
  5 slime creatures (D:8)
  2 shadows
  15 yaks
  A wyvern (D:8)
  An acid dragon (D:10)
  A water moccasin (Lair:2)
  3 orc warriors
  2 wolves (Lair:3)
  A centaur (D:14)
  Blork the orc (D:6)
  A gnoll sergeant (D:5)
  13 killer bees (Lair:1)
  2 orc priests (D:4)
  2 orc wizards
  2 gnolls (D:5)
  An orc (D:6)
  2 orc zombies (Bailey)
  35 fungi
  45 plants
157 creatures vanquished.

Grand Total: 801 creatures vanquished

Notes
Turn   | Place    | Note
-------+----------+-------------------------------------------
     0 | D:1      | croobank the Felid Summoner began the quest for the Orb.
     0 | D:1      | Reached XP level 1. HP: 7/7 MP: 4/4
   290 | D:1      | Reached skill level 3 in Dodging
   290 | D:1      | Reached XP level 2. HP: 11/11 MP: 4/6
   764 | D:1      | Found a faded altar of an unknown god.
   764 | D:1      | Found a faded altar of an unknown god.
   838 | D:1      | Learned a level 2 spell: Call Imp
  1159 | D:2      | Reached XP level 3. HP: 10/14 MP: 0/7
  1601 | D:2      | Learned a level 3 spell: Call Canine Familiar
  1710 | D:2      | Reached XP level 4. HP: 18/18 MP: 5/8
  2316 | D:3      | Reached skill level 4 in Dodging
  2492 | D:3      | Noticed a necrophage
  2505 | D:3      | Reached XP level 5. HP: 21/21 MP: 7/10
  2649 | D:3      | Found a runed translucent door.
  2650 | D:3      | Noticed Crazy Yiuf
  3094 | D:3      | Killed Crazy Yiuf
  3290 | D:4      | Learned a level 3 spell: Summon Guardian Golem
  3307 | D:4      | Reached skill level 5 in Summonings
  3307 | D:4      | Gained mutation: You are covered in thick fur. (AC +2)
                  | [Felid growth]
  3307 | D:4      | Reached XP level 6. HP: 25/25 MP: 1/11
  3314 | D:4      | Reached skill level 1 in Fighting
  3314 | D:4      | Reached skill level 5 in Dodging
  3314 | D:4      | Reached skill level 5 in Stealth
  3445 | D:4      | Killed from afar by an orc priest
  3446 | D:4      | Reached XP level 5. HP: 0/22 MP: 4/11
  3490 | D:4      | Found an ancient bone altar of Kikubaaqudgha.
  3543 | D:4      | Reached skill level 1 in Hexes
  3726 | D:4      | Found a radiant altar of Vehumet.
  3832 | D:4      | Reached XP level 6. HP: 26/26 MP: 4/12
  3911 | D:4      | Found Onaemuni's Book Boutique.
  3960 | D:4      | Found Urriow's Antique Armour Boutique.
  4686 | D:5      | Entered Level 5 of the Dungeon
  5051 | D:5      | Reached XP level 7. HP: 31/31 MP: 4/13
  5226 | D:5      | Reached skill level 6 in Dodging
  5534 | D:5      | Learned a level 4 spell: Summon Lightning Spire
  5662 | D:5      | Found a staircase to the Ecumenical Temple.
  5678 | Temple   | Entered the Ecumenical Temple
  5686 | Temple   | Became a worshipper of Gozag Ym Sagoz the Greedy
  6375 | D:5      | Reached skill level 1 in Air Magic
  6375 | D:5      | Reached XP level 8. HP: 32/36 MP: 12/15
  7089 | D:6      | Reached skill level 5 in Fighting
  7099 | D:6      | Killed from afar by a steam dragon
  7100 | D:6      | Reached XP level 7. HP: -2/33 MP: 3/14
  7248 | D:6      | Noticed Blork the orc
  7261 | D:6      | Killed Blork the orc
  7412 | D:6      | Found a bloodstained altar of Trog.
  7460 | D:6      | Reached skill level 7 in Dodging
  7720 | D:7      | Reached XP level 8. HP: 37/37 MP: 8/16
  7901 | D:7      | Reached skill level 5 in Hexes
  8062 | D:7      | Found a sparkling altar of Nemelex Xobeh.
  8287 | D:7      | Found a stormy altar of Qazlal.
  8900 | D:7      | Reached skill level 5 in Spellcasting
  9329 | D:8      | Noticed a slime creature
  9368 | D:8      | Noticed a slime creature
  9368 | D:8      | Noticed a slime creature
  9391 | D:8      | Killed a slime creature
  9403 | D:8      | Killed a slime creature
  9404 | D:8      | Reached XP level 9. HP: 14/42 MP: 0/17
  9433 | D:8      | Reached skill level 8 in Dodging
  9811 | D:8      | Found a glowing silver altar of Zin.
 10025 | D:8      | Identified the ring "Bainuoto" {*Corrode MP+9 EV+4 Slay+5
                  | SInv}
 10034 | D:8      | Learned a level 5 spell: Summon Mana Viper
 10512 | D:9      | Noticed a troll
 10543 | D:9      | Killed a troll
 10717 | D:9      | Reached XP level 10. HP: 48/48 MP: 19/20
 11033 | D:9      | Found an ornate altar of the Wu Jian Council.
 11064 | D:10     | Entered Level 10 of the Dungeon
 11069 | D:10     | Learned a level 3 spell: Dazzling Flash
 11070 | D:10     | Found a staircase to the Orcish Mines.
 11406 | D:10     | Reached skill level 9 in Dodging
 11492 | D:10     | Found a flagged portal.
 11544 | Bailey   | Entered a bailey
 11968 | Bailey   | Noticed a gargoyle
 12005 | Bailey   | Killed from afar by a gargoyle
 12006 | Bailey   | Reached XP level 9. HP: -5/44 MP: 15/28
 12023 | Bailey   | Killed a gargoyle
 12128 | Bailey   | Identified the +1 cloak of Tenacity {rF+ Int-5 Dex+7}
 12129 | Bailey   | Identified the +5 ring mail of Inference {rF++ Str+2 Dex+3}
 12131 | Bailey   | Got the Directory of Mustering
 12392 | D:10     | Reached XP level 10. HP: 15/49 MP: 10/20
 12627 | D:10     | Found a basalt altar of Yredelemnul.
 12655 | D:10     | Reached skill level 5 in Air Magic
 12752 | D:10     | Noticed a two-headed ogre
 12772 | D:10     | Killed a two-headed ogre
 13122 | D:10     | Noticed a death yak
 13138 | D:10     | Noticed a death yak
 13147 | D:10     | Noticed a death yak
 13148 | D:10     | Killed a death yak
 13149 | D:10     | Reached skill level 10 in Dodging
 13158 | D:10     | Killed a death yak
 13180 | D:10     | Killed a death yak
 13181 | D:10     | Reached XP level 11. HP: 54/54 MP: 18/22
 13564 | D:10     | Found a staircase to the Lair.
 14099 | D:11     | Noticed a boulder beetle
 14141 | D:11     | Killed a boulder beetle
 14142 | D:11     | Reached skill level 10 in Fighting
 14770 | D:11     | Noticed a centaur warrior
 14783 | D:11     | Killed a centaur warrior
 14968 | D:12     | Reached skill level 11 in Dodging
 15546 | Lair:1   | Entered Level 1 of the Lair of Beasts
 15765 | D:4      | Bought a book of Rime for 336 gold pieces
 15877 | Lair:1   | Learned a level 2 spell: Blink
 15894 | Lair:1   | Noticed a death yak
 15896 | Lair:1   | Noticed a death yak
 15911 | Lair:1   | Killed a death yak
 15916 | Lair:1   | Noticed a death yak
 15916 | Lair:1   | Noticed a death yak
 15916 | Lair:1   | Noticed a death yak
 15917 | Lair:1   | Noticed a death yak
 15928 | Lair:1   | Killed a death yak
 15937 | Lair:1   | Killed a death yak
 15937 | Lair:1   | Killed a death yak
 15940 | Lair:1   | Killed a death yak
 15941 | Lair:1   | Gained mutation: Your thick and shaggy fur keeps you warm.
                  | (AC +3, rC+) [Felid growth]
 15941 | Lair:1   | Reached XP level 12. HP: 60/60 MP: 16/25
 15941 | Lair:1   | Killed a death yak
 16718 | Lair:1   | Learned a level 4 spell: Summon Ice Beast
 17279 | Lair:1   | Reached skill level 12 in Dodging
 17607 | Lair:1   | Reached skill level 10 in Summonings
 18122 | Lair:2   | Found a staircase to the Swamp.
 18575 | Lair:2   | Found a transporter.
 18578 | Lair:2   | Noticed a boulder beetle
 18609 | Lair:2   | Killed a boulder beetle
 18942 | Lair:2   | Found a transporter.
 19378 | Lair:2   | Reached XP level 13. HP: 65/65 MP: 25/27
 19637 | Lair:2   | HP: 3/65 [eight-headed hydra (8)]
 19638 | Lair:2   | Mangled by an eight-headed hydra
 19639 | Lair:2   | Reached XP level 12. HP: -7/61 MP: 30/35
 19999 | Lair:3   | Noticed a seven-headed hydra
 20021 | Lair:3   | Reached skill level 1 in Ice Magic
 20036 | Lair:3   | Killed a seven-headed hydra
 20309 | Lair:3   | Reached skill level 13 in Dodging
 20591 | Lair:3   | Noticed a boulder beetle
 20592 | Lair:3   | Found a hole to the Spider Nest.
 20605 | Lair:3   | Killed a boulder beetle
 20710 | Lair:3   | Noticed a seven-headed hydra
 20718 | Lair:3   | Killed a seven-headed hydra
 20929 | Lair:3   | Noticed a catoblepas
 20956 | Lair:3   | Killed a catoblepas
 21600 | Lair:4   | Learned a level 6 spell: Summon Cactus Giant
 21814 | Lair:4   | Reached skill level 1 in Transmutations
 22045 | Lair:4   | Reached XP level 13. HP: 66/66 MP: 19/27
 22155 | Lair:4   | Found a runed translucent gate.
 22156 | Lair:4   | Found a runed translucent gate.
 22156 | Lair:4   | Found a runed translucent gate.
 22161 | Lair:4   | Noticed Cegin's ghost (journeyman MiBe)
 22359 | Lair:4   | Identified a scroll of acquirement
 22359 | Lair:4   | Acquired the ring "Syecsa" {rF+ rC+ Will+ MP+9 SInv}
 22677 | Lair:4   | Found a staircase to the Slime Pits.
 22678 | Lair:4   | Found a viscous altar of Jiyva.
 23349 | Lair:5   | Entered Level 5 of the Lair of Beasts
 23520 | Lair:5   | Reached skill level 10 in Spellcasting
 23542 | Lair:5   | Reached skill level 14 in Dodging
 26371 | D:11     | Reached XP level 14. HP: 72/72 MP: 29/29
 26778 | D:12     | Reached skill level 15 in Dodging
 27155 | D:12     | Found the +3 giant club "Skullcrusher" {speed, Str+7}
 28804 | D:13     | Found a gate to the Vaults.
 29012 | D:13     | Found a runed translucent gate.
 29012 | D:13     | Found a runed translucent gate.
 29013 | D:13     | Found a runed translucent gate.
 29013 | D:13     | Noticed Qurecs's ghost (journeyman HOMo)
 29079 | D:13     | Killed Qurecs's ghost
 29458 | D:14     | You fall into a shaft and drop 1 floor!
 29458 | D:15     | Entered Level 15 of the Dungeon
 29736 | D:14     | Reached skill level 5 in Transmutations
 31092 | Orc:1    | Entered Level 1 of the Orcish Mines
 31148 | Orc:2    | Entered Level 2 of the Orcish Mines
 31168 | Orc:2    | Reached skill level 16 in Dodging
 31431 | Orc:1    | Noticed an orc warlord
 31464 | Orc:1    | Killed an orc warlord
 31638 | Orc:2    | Found a staircase to the Elven Halls.
 32211 | Orc:1    | Noticed an orc warlord
 32239 | Orc:1    | Killed an orc warlord
 32668 | Orc:2    | Reached XP level 15. HP: 66/76 MP: 10/30
 33075 | Orc:2    | Slain by a red devil

Illustrated notes

Levels and vault maps discovered:
D:1:      dreamdust_arrival_sigmund_warning, layout_rooms,
          hellmonk_ecumenical_altar_the_god_not_taken
D:2:      layout_loops_ring
D:3:      wander_river, layout_loops_ring, minmay_circle_x,
          uniq_crazy_yiuf_cottage
D:4:      layout_gridville, kennysheep_vampire_church,
          mainiacjoe_overflow_alcove_1, serial_shops, nicolae_shop_statue_plus,
          nicolae_shop_window_shopping
D:5:      layout_loops_cross, minmay_temple_entry_offerings
D:6:      layout_gridville, kennysheep_mini, minmay_misc_feat_x,
          uniq_blork_the_orc
D:7:      layout_loops_ring, kennysheep_mini_moat, nemelex_dance_club_becter
D:8:      layout_basic, mainiacjoe_overflow_cross_hatched,
          minmay_splitting_lines
D:9:      layout_rooms, nicolae_wu_jian_immortal_techniques
D:10:     layout_cave_pools, nicolae_yredelemnul_corpse_copse,
          dpeg_lair_monsters, enter_bailey_5
D:11:     dreamdust_cave_troll, layout_rooms
D:12:     layout_gridville, minmay_guarded_unrand_skullcrusher
D:13:     layout_rooms, david_vaults_4, serial_curves, eino_curves_04,
          eino_curves_04, eino_curves_02, eino_curves_04,
          ebering_ghost_rock_garden
D:14:     layout_cave_pods, hangedman_decor_riveting
D:15:     grunt_enter_depths_magical_seal, layout_cave_pools,
          minmay_tree_intersection, lightli_wizard_tower
Temple:   nicolae_temple_two_arcs
Lair:1:   layout_roguey [special_room_bee], nicolae_lair_liquid_snakes
Lair:2:   gammafunk_cloud_chamber, layout_gridlike, swamp_mist,
          grunt_megastairs_4, infiniplex_staircase_pool_2
Lair:3:   layout_big_grid, nicolae_spider_entry_non_spiders, grunt_megastairs_3,
          lemuel_fruit_tree
Lair:4:   layout_cellular_growth, slime_entry_1, gammafunk_ghost_necromancy
Lair:5:   minmay_lair_end_enchanted_forest, layout_layer_cave, minivault_27,
          grunt_megastairs_2, serial_bayou_shore_a
Orc:1:    layout_diamond_mine
Orc:2:    st_orc_mages, layout_diamond_mine, minmay_orc_keep

Skill      XL: |  1  2  3  4  5  6  7  8  9 10 11 12 13 14 |
---------------+-------------------------------------------+-----
Stealth        | 3 4 5 |  5.0
Dodging        | 3 4 5 7 8 10 11 13 14 16 | 16.5
Spellcasting   | 3 4 5 6 7 8 9 10 | 10.6
Summonings     | 5 6 8 9 10 11 12 | 12.5
Fighting       | 2 3 4 6 7 9 11 13 14 | 14.8
Hexes          | 1 2 3 5 7 6 |  7.0
Air Magic      | 2 3 4 5 6 7 8 |  8.7
Ice Magic      | 2 |  2.5
Transmutations | 1 3 5 |  5.8

Action                   |  1- 3 |  4- 6 |  7- 9 | 10-12 | 13-15 || total
-------------------------+-------+-------+-------+-------+-------++-------
Melee: Unarmed           |    29 |    45 |    23 |    52 |    82 ||   231
       Bite              |     3 |     3 |     5 |    12 |    13 ||    36
       Punch             |       |       |       |       |     2 ||     2
 Cast: Summon Small Mamm |    45 |    30 |    70 |    35 |       ||   180
       Call Imp          |     7 |    15 |    32 |    21 |       ||    75
       Call Canine Famil |     1 |    29 |    61 |    57 |    31 ||   179
       Summon Guardian G |       |     2 |    26 |    61 |    19 ||   108
       Summon Lightning  |       |       |    10 |    96 |    54 ||   160
       Summon Mana Viper |       |       |     6 |    25 |    81 ||   112
       Dazzling Flash    |       |       |       |     3 |       ||     3
       Summon Ice Beast  |       |       |       |    11 |    18 ||    29
       Summon Cactus Gia |       |       |       |     3 |    87 ||    90
       Blink             |       |       |       |     3 |     3 ||     6
Invok: Potion Petition   |       |       |       |     1 |       ||     1
       Call Merchant     |       |       |       |     1 |       ||     1
Evoke: Wand              |       |     1 |       |    11 |    11 ||    23
  Use: Scroll            |       |    10 |    10 |     9 |     4 ||    33
       Potion            |       |     2 |     2 |     3 |     1 ||     8
 Stab: Sleeping          |     1 |     5 |     2 |       |     1 ||     9
       Distracted        |       |     2 |     1 |     1 |     4 ||     8
       Betrayed ally     |       |       |       |     1 |       ||     1
Armor: Skin              |     1 |     3 |     2 |    10 |    11 ||    27
Dodge: Dodged            |    35 |    82 |    55 |   257 |   292 ||   721
